 Dungeon Crawl Stone Soup version 0.22-a0-782-g038298e (webtiles) character file.

208 Ijustatesigmund the Ducker (level 5, 0/36 HPs)
             Began as an Octopode Fighter on July 20, 2018.
             Killed by divine providence
             ... invoked by an orc priest
              (12 damage)
             ... on level 3 of the Dungeon.
             The game lasted 00:04:03 (2347 turns).

Ijustatesigmund the Ducker (Octopode Fighter)       Turns: 2347, Time: 00:04:04

Health: 0/36       AC:  1    Str: 16    XL:     5   Next: 86%
Magic:  5/5        EV: 14    Int: 10    God:
Gold:   156        SH: 10    Dex: 21    Spells: 4/4 levels left

rFire    . . .     SeeInvis .   a - +0 war axe
rCold    . . .     Gourm    +   b - +1 shield
rNeg     . . .     Faith    .   (helmet restricted)
rPois    .         Spirit   .   n - amulet of the gourmand
rElec    .         Reflect  .   f - +4 ring of dexterity
rCorr    .         Harm     .   m - +5 ring of dexterity
MR       .....                  (no ring)
Stlth    +++.......             (no ring)
HPRegen  0.12/turn              (no ring)
MPRegen  0.09/turn              (no ring)
                                (no ring)
                                (no ring)

@: no status effects
A: almost no armour, stealthy swim, amphibious, 8 rings, constrict 8, camouflage
1, gelatinous body 1
a: no special abilities


You were on level 3 of the Dungeon.
You were full.

You visited 1 branch of the dungeon, and saw 4 of its levels.

You collected 156 gold pieces.

Inventory:

Hand Weapons
 a - a +0 war axe (weapon)
Armour
 b - a +1 shield (worn)
Jewellery
 f - a +4 ring of dexterity (left tentacle)
 m - a +5 ring of dexterity (right tentacle)
 n - an amulet of the gourmand (around mantle)
Wands
 j - a wand of iceblast (8)
 p - a wand of digging (16)
Scrolls
 i - 4 scrolls of teleportation
 k - a scroll of remove curse
Potions
 c - a potion of might
 e - a potion of brilliance
 g - 2 potions of lignification
 h - 2 potions of degeneration {unknown}
 l - a potion of flight {unknown}
 o - a potion of cancellation {unknown}
Comestibles
 d - 6 rations


   Skills:
 - Level 3.6 Fighting
 - Level 3.6 Axes
 + Level 5.0 Dodging
 - Level 3.0 Shields


You had 4 spell levels left.
You didn't know any spells.
Your spell library was empty.

Dungeon Overview and Level Annotations

Branches:
Dungeon (4/15)
 Temple: D:4-7

Altars:
Dithmenos
Qazlal
Sif Muna


Innate Abilities, Weirdness & Mutations

You cannot wear most types of armour.
You are very stealthy in the water. (Stealth+)
You are amphibious.
You can wear up to eight rings at the same time.
You can use your tentacles to constrict eight enemies at once.
Your skin changes colour to match your surroundings (Stealth+).
Your rubbery body absorbs attacks. (AC +1, EV +1)


Message History

No target in view!
No target in view!
You start resting.
HP restored.
You climb upwards.
An orc comes into view. It is wielding a mace.
The orc shouts!
The orc priest invokes the aid of Beogh against you.
Pain shoots through your body!
There is a stone staircase leading down here.
An orc comes into view. It is wielding a flail.
The orc shouts!
The orc priest hits you with a trident!
You are too injured to fight recklessly!
You are too injured to fight recklessly!
The orc priest hits you from afar with a trident.
There is a stone staircase leading down here.
The orc priest mumbles some strange prayers to Beogh against you.
Beogh smites you!
You die...

..# #.# #.# ###.# ######
# .#.# ##....########
..# #.............
#.###..##.......##
#@.##..########.#
.###.#o#.#^.##########
#....oo.....##...#...#
....o...##..##.##.##.###
......(.......##.##.##_#
#.###.#o....###.##.##.##
##.#
#.......##.)###.)##.
#... ....##.#.####
####.# #..####..##.#.#
##...#


You could see an orc priest and 2 orcs.

Vanquished Creatures
  A bullfrog zombie (D:4)
  An orc wizard (D:4)
  Ijyb (D:4)
  4 adders (D:2)
  4 worms
  2 dart slugs
  2 leopard geckos
  5 orcs
  3 bats
  2 giant cockroaches
  8 hobgoblins
  10 jackals (D:1)
  5 kobolds
  A quokka (D:2)
  7 frilled lizards
  7 goblins
  3 rats
66 creatures vanquished.

Notes
Turn   | Place    | Note
-------+----------+-------------------------------------------
     0 | D:1      | Ijustatesigmund the Octopode Fighter began the quest for the Orb.
     0 | D:1      | Reached XP level 1. HP: 16/16 MP: 1/1
   192 | D:1      | Reached XP level 2. HP: 18/21 MP: 2/2
   444 | D:1      | Found a stormy altar of Qazlal.
   833 | D:1      | Reached XP level 3. HP: 26/26 MP: 3/3
  1245 | D:2      | Found a stormy altar of Qazlal.
  1248 | D:2      | Noticed a water elemental
  1253 | D:2      | Noticed an air elemental
  1256 | D:2      | Noticed an earth elemental
  1256 | D:2      | Noticed a fire elemental
  1285 | D:2      | Reached XP level 4. HP: 32/32 MP: 4/4
  1322 | D:2      | Found a deep blue altar of Sif Muna.
  2121 | D:3      | Reached XP level 5. HP: 28/36 MP: 5/5
  2198 | D:3      | Reached skill level 4 in Dodging
  2229 | D:3      | Found a shadowy altar of Dithmenos.
  2253 | D:3      | Noticed Ijyb
  2258 | D:4      | Killed Ijyb
  2334 | D:4      | Reached skill level 5 in Dodging
  2347 | D:3      | Killed from afar by an orc priest

Vault maps used:
D:1:      minmay_arrival_plants_in_alcoves, nrook_mini_backslash,
          kennysheep_flooded_box
D:2:      old_standard_altar, nicolae_qazlal_style_of_elements,
          serial_bayou_lake_a
D:3:      nicolae_tso_carved_into_rock, marbit_many_paths, old_standard_altar,
          first_ration, minmay_cupped, uniq_ijyb
D:4:      kennysheep_little_box, lexackson_kobold_supper, uniq_sigmund

Skill      XL: |  1  2  3  4  5 |
---------------+----------------+-----
Axes           | 3 |  3.6
Dodging        | 5 |  5.0
Fighting       | |  3.6
Shields        | |  3.0

Action                   |  1- 3 |  4- 6 || total
-------------------------+-------+-------++-------
Melee: War axe           |    59 |    59 ||   118
       Constrict         |    20 |    19 ||    39
       Tentacles         |     8 |    17 ||    25
  Use: Scroll            |     4 |     2 ||     6
 Stab: Sleeping          |     6 |     6 ||    12
  Eat: Chunk             |       |    11 ||    11
Armor: Skin              |     4 |     2 ||     6
Dodge: Dodged            |    30 |    20 ||    50
Block: Shield            |    34 |    18 ||    52

Table legend:
 A = Spawn XP
 B = Non-spawn XP
 C = Spawn XP percentage of total XP
 D = Spawn monster count
 E = Non-spawn monster count
 F = Spawn count percentage of total count
 G = Total turns spent on level
                    A         B        C        D         E        F      G
               +---------+---------+-------+---------+---------+-------+---------
         Total |       0 |     298 |   0.0 |       0 |      66 |   0.0 |  2347
               +---------+---------+-------+---------+---------+-------+---------
           D:1 |       0 |      49 |   0.0 |       0 |      26 |   0.0 |  1010
           D:2 |       0 |     103 |   0.0 |       0 |      27 |   0.0 |   898
           D:3 |       0 |      21 |   0.0 |       0 |       8 |   0.0 |   354
           D:4 |       0 |     125 |   0.0 |       0 |       5 |   0.0 |    85
               +---------+---------+-------+---------+---------+-------+---------
